 Dungeon Crawl Stone Soup version 0.27-a0-972-gd1521fd518 (webtiles) character file.

Game seed: 17324129346190133119

11337 robertstho the Covert (level 11, -12/120 HPs)
             Began as an Octopode Berserker on Apr 13, 2021.
             Was an Elder of Trog.
             Mangled by a six-headed hydra (18 damage)
             ... on level 1 of the Lair of Beasts.
             The game lasted 00:13:44 (9875 turns).

robertstho the Covert (Octopode Berserker)          Turns: 9875, Time: 00:13:44

Health: -12/120    AC:  1    Str: 16    XL:     11   Next: 76%
Magic:  11/11      EV: 20    Int: 16    God:    Trog [****..]
Gold:   649        SH:  0    Dex: 15    Spells: 10/10 levels left

rFire    . . .     SeeInvis .   F - +0 long sword (flame)
rCold    + . .     Faith    .   (no shield)
rNeg     + . .     Spirit   .   (helmet restricted)
rPois    .         Reflect  .   k - amulet of regeneration
rElec    .         Harm     .   g - ring of protection from cold
rCorr    +         Rampage  .   a - ring of positive energy
Will     .....                  p - +6 ring of intelligence
Stlth    ..........             t - +4 ring of evasion
HPRegen  1.30/turn              y - ring of resist corrosion
MPRegen  0.12/turn              (no ring)
                                (no ring)
                                (no ring)

@: berserking, very quick
A: almost no armour, amphibious, 8 rings, camouflage 1, gelatinous body 1,
(nimble swimmer 1), tentacles
a: Renounce Religion, Berserk, Trog's Hand, Brothers in Arms


You were on level 1 of the Lair of Beasts.
You worshipped Trog.
Trog was greatly pleased with you.
You visited 2 branches of the dungeon, and saw 13 of its levels.

You collected 649 gold pieces.

Inventory:

Hand Weapons
 e - a +2 dagger of protection
 C - a +2 dire flail of protection
 F - a +0 long sword of flaming (weapon)
 L - the +7 mace of Ruination {drain, rCorr MP-9 Str+2}
   (You found it on level 10 of the Dungeon)

   A truly terrible weapon, it drains the life of those it strikes.
   It affects your strength (+2).
   It affects your magic capacity (-9).
   It protects you from acid and corrosion.
 P - the +2 flail of Terror {protect, Str+4}
   (You found it on level 10 of the Dungeon)

   It grants its wielder temporary protection when it strikes (+7 to AC).
   It affects your strength (+4).
Missiles
 s - 3 throwing nets
Jewellery
 a - a ring of positive energy (right tentacle)
 g - a ring of protection from cold (left tentacle)
 i - an amulet of the acrobat
 j - an amulet of guardian spirit
 k - an amulet of regeneration (around mantle)
 p - a +6 ring of intelligence (on tentacle)
 t - a +4 ring of evasion (on tentacle)
 u - a ring of fire
 y - a ring of resist corrosion (on tentacle)
 M - a ring of fire
 T - a ring of ice
Wands
 d - a wand of polymorph (15)
 v - a wand of digging (3)
 z - a wand of iceblast (2)
 G - a wand of flame (34)
 H - a wand of acid (6)
 Q - a wand of paralysis (4)
Scrolls
 b - 2 scrolls of immolation
 c - 7 scrolls of teleportation {unknown}
 n - 3 scrolls of amnesia {unknown}
 o - 2 scrolls of brand weapon {unknown}
 r - a scroll of fog {unknown}
 w - a scroll of silence {unknown}
 x - a scroll of torment {unknown}
 A - 3 scrolls of noise {unknown}
 B - 2 scrolls of fear {unknown}
 D - a scroll of summoning {unknown}
 I - a scroll of enchant weapon {unknown}
 J - 3 scrolls of blinking {unknown}
 O - a scroll of magic mapping {unknown}
 S - a scroll of identify
Potions
 f - 6 potions of curing
 h - a potion of might
 l - 2 potions of heal wounds
 m - 3 potions of mutation
 q - a potion of haste
 E - 2 potions of cancellation
 K - 2 potions of berserk rage
 R - a potion of flight
Miscellaneous
 N - a lightning rod (4/4)


   Skills:
 * Level 9.2 Fighting
 + Level 4.7(5.5) Short Blades
 + Level 4.2(5.3) Long Blades
 + Level 8.7 Maces & Flails
 + Level 6.8 Dodging
 * Level 14.4 Stealth
 + Level 0.8 Unarmed Combat


You had 10 spell levels left.
You didn't know any spells.
Your spell library was empty.

Dungeon Overview and Level Annotations

Branches:
Dungeon (12/15)            Temple (0/1) D:7            Lair (1/6) D:10
    Orc: D:9-12

Altars:
Cheibriados
Elyvilon
Gozag
Hepliaklqana
Kikubaaqudgha
Qazlal
Uskayaw
Wu Jian
Xom

Annotations:
D:7 4 transporters, spiderkeys's ghost, novice OpVM
D:9 2 transporters


Innate Abilities, Weirdness & Mutations

You cannot wear most types of armour.
You are amphibious.
You can wear up to eight rings at the same time.
Your skin changes colour to match your surroundings (Stealth+).
Your rubbery body absorbs attacks. (AC +1, EV +1)
((You are camouflaged near water. (Stealth+)))
You have tentacles for arms and can constrict up to eight enemies at once.


Message History

An eight-headed hydra is nearby!
An eight-headed hydra is nearby!
An eight-headed hydra is nearby!
An eight-headed hydra is nearby!
An eight-headed hydra is nearby!
An eight-headed hydra is nearby!
An eight-headed hydra is nearby!
The helpless eight-headed hydra fails to defend itself.
You lop one of the eight-headed hydra's heads off!
The flame cauterises the wound!
You slash the seven-headed hydra! You burn the seven-headed hydra.
The seven-headed hydra is lightly wounded.
The seven-headed hydra bites you! x3; The seven-headed hydra misses you.
The seven-headed hydra barely misses you.
The seven-headed hydra completely misses you.
The seven-headed hydra bites you!
A red film seems to cover your vision as you go berserk!
You feel yourself moving faster!
You feel mighty!
The seven-headed hydra closely misses you.
The seven-headed hydra completely misses you.
The seven-headed hydra bites you! The seven-headed hydra bites you!!
* * * LOW HITPOINT WARNING * * *
The seven-headed hydra closely misses you.
The seven-headed hydra bites you!
* * * LOW HITPOINT WARNING * * *
The seven-headed hydra closely misses you.
You chop one of the seven-headed hydra's heads off!
The flame cauterises the wound!
You slice the six-headed hydra!! You burn the six-headed hydra!
Your squeeze misses the six-headed hydra.
The six-headed hydra is severely wounded.
The six-headed hydra misses you.
You riposte.
You hit the six-headed hydra. You burn the six-headed hydra.
The six-headed hydra is severely wounded.
The six-headed hydra closely misses you.
The six-headed hydra bites you!
* * * LOW HITPOINT WARNING * * *
The six-headed hydra closely misses you.
The six-headed hydra bites you!!
You die...

#...........<...###
####.#...###...#.##
###...# #...###
#...# #...# ## ##
#...# #....##.
#P####...# #...##..
#........####(###P.
##.........#
###....
#PD@......## #....
##.....#### #....
#.....# #....
#.....# #....
#.....# #....
......# ####.
##.....# ###.
......# ##.#. #....


You could see a six-headed hydra.

Vanquished Creatures
  A hydra (Lair:1)
  Fannar (Lair:1)
  Harold (Lair:1)
  A two-headed ogre (D:11)
  An ugly thing (D:11)
  2 cane toads (Lair:1)
  Maggie (D:7)
  3 komodo dragons
  A hornet (D:10)
  A troll (D:10)
  Grinder (D:6)
  Prince Ribbit (D:6)
  Sigmund (D:2)
  2 basilisks (Lair:1)
  A wraith (D:11)
  3 steam dragons
  5 vampire mosquitoes
  2 swamp worms (Lair:1)
  Edmund (D:6)
  A water moccasin (Lair:1)
  4 orc warriors
  An ice beast (D:7)
  3 sky beasts
  3 ogres
  A necrophage (D:7)
  4 wolves (Lair:1)
  3 centaurs
  4 kobold brigands
  6 bullfrogs
  5 scorpions
  7 killer bees
  2 howler monkeys (D:10)
  2 bullfrog zombies
  3 centaur zombies
  3 hounds
  An orc priest (D:7)
  Ijyb (D:5)
  A bullfrog skeleton (D:5)
  4 orc wizards
  Terence (D:3)
  Natasha (twice) (D:2)
  An iguana (D:3)
  A hound skeleton (D:4)
  A howler monkey zombie (D:6)
  Robin (D:2)
  4 gnolls (D:4)
  An adder (D:6)
  A shadow imp (D:5)
  2 white imps
  2 ufetubi
  An adder zombie (D:5)
  An adder skeleton (D:4)
  7 dart slugs
  20 orcs
  5 ball pythons
  5 bats
  2 endoplasms
  A giant cockroach (D:2)
  13 goblins
  7 hobgoblins
  7 jackals
  22 kobolds
  3 quokkas
  4 frilled lizards
  2 rats
206 creatures vanquished.

Vanquished Creatures (collateral kills)
  A troll (D:11)
1 creature vanquished.

Vanquished Creatures (others)
  A fungus (Lair:1)
  3 plants
4 creatures vanquished.

Grand Total: 211 creatures vanquished

Notes
Turn   | Place    | Note
-------+----------+-------------------------------------------
     0 | D:1      | robertstho the Octopode Berserker began the quest for the
                  | Orb.
     0 | D:1      | Reached XP level 1. HP: 16/16 MP: 1/1
   352 | D:1      | Reached XP level 2. HP: 20/21 MP: 2/2
   798 | D:2      | Found a faded altar of an unknown god.
   799 | D:2      | Noticed Sigmund
   799 | D:2      | Noticed Robin
  1137 | D:2      | Reached skill level 1 in Stealth
  1197 | D:2      | Killed Robin
  1198 | D:2      | Reached XP level 3. HP: 26/26 MP: 3/3
  1341 | D:2      | Reached ** piety under Trog
  1377 | D:2      | Killed Sigmund
  1378 | D:2      | Reached skill level 3 in Stealth
  1378 | D:2      | Reached XP level 4. HP: 21/34 MP: 4/4
  1378 | D:2      | Reached XP level 5. HP: 23/38 MP: 5/5
  1670 | D:2      | You fall into a shaft and drop 1 floor!
  1677 | D:3      | Reached XP level 6. HP: 38/44 MP: 6/6
  1728 | D:3      | Noticed Terence
  1737 | D:3      | Killed Terence
  2162 | D:3      | Found an ornate altar of the Wu Jian Council.
  2165 | D:3      | Found a hazy altar of Hepliaklqana.
  2165 | D:3      | Found a shimmering altar of Xom.
  2168 | D:3      | Reached skill level 4 in Stealth
  2169 | D:3      | Found an ancient bone altar of Kikubaaqudgha.
  2333 | D:3      | Found a hide-covered altar of Uskayaw.
  2460 | D:2      | Reached skill level 1 in Short Blades
  2496 | D:2      | Noticed Natasha
  2503 | D:2      | Killed Natasha
  2625 | D:2      | Noticed Natasha
  2635 | D:2      | Killed Natasha
  2699 | D:4      | Reached skill level 5 in Stealth
  3092 | D:4      | Reached XP level 7. HP: 39/49 MP: 7/7
  3424 | D:4      | Reached skill level 6 in Stealth
  3426 | D:4      | Reached *** piety under Trog
  3537 | D:5      | Entered Level 5 of the Dungeon
  3587 | D:5      | Found a snail-covered altar of Cheibriados.
  3587 | D:5      | Noticed a steam dragon
  3610 | D:5      | Killed a steam dragon
  3610 | D:5      | Noticed Ijyb
  3611 | D:5      | Reached skill level 5 in Fighting
  3611 | D:5      | Reached skill level 7 in Stealth
  3730 | D:5      | Killed Ijyb
  3778 | D:5      | Reached XP level 8. HP: 55/55 MP: 8/8
  3916 | D:5      | Reached skill level 8 in Stealth
  4431 | D:6      | Reached skill level 9 in Stealth
  4475 | D:6      | Noticed Grinder
  4478 | D:6      | Paralysed by Grinder for 6 turns
  4480 | D:6      | Noticed Prince Ribbit
  4488 | D:6      | Killed Grinder
  4499 | D:6      | Killed Prince Ribbit
  4500 | D:6      | Reached skill level 10 in Stealth
  4500 | D:6      | Reached XP level 9. HP: 60/62 MP: 9/9
  4580 | D:6      | Noticed Edmund
  4597 | D:6      | Killed Edmund
  4629 | D:6      | Found a white marble altar of Elyvilon.
  4629 | D:6      | Found a stormy altar of Qazlal.
  4916 | D:7      | Reached **** piety under Trog
  4942 | D:7      | Found a transporter.
  4942 | D:7      | Noticed spiderkeys's ghost (novice OpVM)
  4943 | D:7      | Noticed a cyclops
  4944 | D:7      | Found a transporter.
  4969 | D:7      | Found a staircase to the Ecumenical Temple.
  5031 | D:7      | Reached skill level 1 in Maces & Flails
  5054 | D:7      | Found an opulent altar of Gozag.
  5130 | D:7      | Found a transporter.
  5158 | D:7      | Noticed Maggie
  5170 | D:7      | Killed Maggie
  5171 | D:7      | Reached skill level 5 in Dodging
  5171 | D:7      | Reached skill level 11 in Stealth
  5346 | D:7      | Found a transporter.
  5946 | D:8      | Noticed a komodo dragon
  5958 | D:8      | Killed a komodo dragon
  6002 | D:8      | Reached XP level 10. HP: 69/69 MP: 10/10
  6032 | D:8      | Reached skill level 12 in Stealth
  6289 | D:8      | Reached skill level 5 in Maces & Flails
  6626 | D:9      | Found a transporter.
  6626 | D:9      | Noticed a centaur warrior
  6626 | D:9      | Noticed a two-headed ogre
  6685 | D:9      | Noticed a four-headed hydra
  6712 | D:9      | Noticed a centaur warrior
  6716 | D:9      | Found a transporter.
  6717 | D:9      | Noticed a necromancer
  6783 | D:9      | Reached ***** piety under Trog
  7548 | D:10     | Entered Level 10 of the Dungeon
  7552 | D:10     | Received a gift from Trog
  7588 | D:10     | Identified the +7 mace of Ruination {drain, rCorr MP-9
                  | Str+2}
  7851 | D:10     | Found a staircase to the Lair.
  8127 | D:10     | Identified the +2 flail of Terror {protect, Str+4}
  8139 | D:10     | Paralysed by a hornet for 2 turns
  8144 | D:10     | Reached skill level 13 in Stealth
  8239 | D:11     | Noticed a red ugly thing
  8250 | D:11     | Killed a red ugly thing
  8614 | D:11     | Noticed a two-headed ogre
  8622 | D:11     | Killed a two-headed ogre
  8623 | D:11     | Reached XP level 11. HP: 26/77 MP: 11/11
  8994 | Lair:1   | Entered Level 1 of the Lair of Beasts
  9040 | Lair:1   | Noticed Harold
  9050 | Lair:1   | Killed Harold
  9106 | Lair:1   | Reached skill level 14 in Stealth
  9578 | Lair:1   | Noticed Fannar
  9582 | Lair:1   | Noticed a six-headed hydra
  9591 | Lair:1   | Killed Fannar
  9596 | Lair:1   | Killed a six-headed hydra
  9868 | Lair:1   | Noticed an eight-headed hydra
  9875 | Lair:1   | HP: 6/120 [six-headed hydra (13)]
  9875 | Lair:1   | Mangled by a six-headed hydra

Illustrated notes

Levels and vault maps discovered:
D:1:      dpeg_arrival_pond, layout_basic, interstate_on_off,
          kennysheep_small_spiral
D:2:      layout_loops_cross, chequers_ecumenical_altar_simple_redux,
          minmay_misc_feat_pillars, uniq_robin, uniq_natasha, uniq_sigmund
D:3:      layout_loops_ring, grunt_temple_overflow_open,
          nicolae_uskayaw_suspiria, uniq_terence
D:4:      minmay_wonky_spiral, layout_basic
D:5:      layout_basic, lemuel_round_altar, uniq_ijyb
D:6:      layout_basic, gammafunk_temple_overflow_statue, minivault_4,
          hangedman_decor_opposing, uniq_grinder, uniq_prince_ribbit1,
          uniq_edmund
D:7:      gammafunk_steamed_eel, layout_cave_pods, kennysheep_mini,
          minmay_temple_entry_stoned_glass, gammafunk_ghost_arena, serial_glass,
          glass_columns_a, glass_columns_c, glass_columns_a, glass_columns_b,
          glass_columns_b, glass_columns_c, kennysheep_windowed_goal,
          uniq_maggie
D:8:      layout_loops_cross, palyth_stone_intersect, kennysheep_doodads,
          minmay_misc_feat_diagonals
D:9:      gammafunk_sealed_arena, layout_stronghold, blue_anna_alchemist
          [blue_anna_fruit_fields, blue_anna_fruit_fields]
D:10:     layout_roguey, dpeg_oklobed_lair, nicolae_benzene_ring
D:11:     layout_loops_ring
D:12:     layout_stronghold, hiddenorc2_lemuel, chequers_garden
Lair:1:   layout_cellular_growth, serial_bayou_pond_d, worms_lemuel,
          uniq_harold, uniq_fannar

Skill      XL: |  1  2  3  4  5  6  7  8  9 10 11 |
---------------+----------------------------------+-----
Stealth        | 1 3 5 7 10 11 13 14 | 14.4
Fighting       | 4 5 6 8 9 |  9.2
Long Blades    | 4 |  4.2
Short Blades   | 1 2 4 |  4.7
Dodging        | 4 5 6 |  6.8
Maces & Flails | 4 7 8 |  8.7
Unarmed Combat | |  0.8

Action                   |  1- 3 |  4- 6 |  7- 9 | 10-12 || total
-------------------------+-------+-------+-------+-------++-------
Melee: Falchion          |    36 |       |       |       ||    36
       Constrict         |    17 |    22 |    31 |    42 ||   112
       Tentacles         |    10 |    20 |    46 |    69 ||   145
       Unarmed           |    10 |       |       |       ||    10
       Dagger            |     9 |    81 |   154 |       ||   244
       Punch             |       |       |     3 |     1 ||     4
       Dire flail        |       |       |    70 |    95 ||   165
       Flail             |       |       |       |   120 ||   120
       Mace              |       |       |       |    18 ||    18
       Long sword        |       |       |       |     5 ||     5
Invok: Berserk           |     2 |     1 |     9 |    13 ||    25
       Brothers in Arms  |       |       |       |     2 ||     2
  Use: Scroll            |       |     3 |       |     7 ||    10
 Stab: Sleeping          |     3 |    14 |    18 |    16 ||    51
       Distracted        |       |       |     1 |     1 ||     2
Armor: Skin              |     7 |    14 |    25 |    41 ||    87
Dodge: Dodged            |    28 |    36 |   196 |   273 ||   533
       Rpst.: Falchion   |     8 |       |       |       ||     8
       Long sword        |       |       |       |     1 ||     1

Table legend: (Time is in decaauts)
 A = Elapsed time spent in this place.
 B = Non-inter-level travel time spent in this place.
 C = Inter-level travel time spent in this place.
 D = Time resting spent in this place.
 E = Time spent auto-exploring this place.
 F = Levels seen in this place.
 G = Mean time per level.
                   A        B        C        D        E       F      G
               +--------+--------+--------+--------+--------+-----+--------+
         Total |  10074 |   9590 |    484 |    841 |   7154 |  13 |  774.9 |
       Dungeon |   9157 |   8673 |    484 |    779 |   6507 |  12 |  763.1 |
          Lair |    916 |    916 |      0 |     61 |    646 |   1 |  916.0 |
               +--------+--------+--------+--------+--------+-----+--------+

Top non-repeatable levels by time:
     D:2: 1075 daAuts
     D:6: 1009 daAuts
     D:4: 926 daAuts
  Lair:1: 916 daAuts
     D:7: 884 daAuts
     D:9: 882 daAuts
     D:1: 872 daAuts
     D:3: 798 daAuts
    D:11: 768 daAuts
     D:8: 753 daAuts
    D:10: 726 daAuts
     D:5: 446 daAuts
    D:12: 12 daAuts
